 Dungeon Crawl Stone Soup version 0.22.1-1-ga44c0e56f4 (webtiles) character file.

809 Ihlosi the Skirmisher (level 8, 0/97 HPs)
             Began as a Human Gladiator on Nov 10, 2018.
             Succumbed to a water moccasin's poison
             ... on level 6 of the Dungeon.
             The game lasted 00:16:37 (5714 turns).

Ihlosi the Skirmisher (Human Gladiator)             Turns: 5714, Time: 00:16:37

Health: 0/97       AC: 24    Str: 14    XL:     8   Next: 15%
Magic:  17/17      EV:  2    Int:  9    God:
Gold:   291        SH:  0    Dex: 17    Spells: 7/7 levels left

rFire    . . .     SeeInvis .   g - +3 mace
rCold    . . .     Gourm    .   (no shield)
rNeg     + + +     Faith    .   (armour currently unavailable)
rPois    +         Spirit   .   (helmet currently unavailable)
rElec    .         Reflect  .   (cloak currently unavailable)
rCorr    .         Harm     .   (gloves currently unavailable)
MR       +....     NoTele   +   (boots currently unavailable)
Stlth    ++........             b - amulet of magic regeneration
HPRegen  0.26/turn              m - ring of magical power
MPRegen  0.40/turn              (no ring)

@: lethally poisoned (0 -> -15), tree-form, drained, invisible
A: magic resistance 1, mutation resistance 1, screaming 1
a: no special abilities


You were on level 6 of the Dungeon.
You were not hungry.
You were a tree.
You visited 1 branch of the dungeon, and saw 6 of its levels.

You collected 291 gold pieces.

Inventory:

Hand Weapons
 a - a +0 long sword
 c - a +1 mace of venom
 g - a +3 mace (weapon)
Armour
 e - a +1 cloak (melded)
 o - a +2 ring mail of poison resistance (melded)
 r - a +2 helmet (melded)
 s - a +0 pair of boots (melded)
Jewellery
 b - an amulet of magic regeneration (around neck)
 m - a ring of magical power (left branch)
Scrolls
 d - 2 scrolls of fog {unknown}
 h - 2 scrolls of identify
 j - 6 scrolls of remove curse
 k - 2 scrolls of teleportation
 n - a scroll of brand weapon {unknown}
Potions
 i - a potion of agility
 l - a potion of invisibility
Comestibles
 f - 11 rations
 u - 3 chunks of flesh


   Skills:
 * Level 6.4(5.9) Fighting
 + Level 4.2(3.7) Long Blades
 - Level 2.0(1.6) Throwing
 + Level 3.9(3.5) Armour
 * Level 4.0(3.6) Dodging
 - Level 1.0(0.6) Stealth


You had 7 spell levels left.
You didn't know any spells.
Your spell library contained the following spells:

 Spells                   Type           Power        Failure   Level  Hunger
 Poison Arrow             Conj/Pois      #.........   100%        6    #######
 Chain Lightning          Conj/Air       #.........   100%        8    #######
 Lehudib's Crystal Spear  Conj/Erth      #.........   100%        8    #######
 Fire Storm               Conj/Fire      #.........   100%        9    #######
 Glaciate                 Conj/Ice       #.........   100%        9    #######


Dungeon Overview and Level Annotations

Branches:
Dungeon (6/15)
 Temple: D:4-7

Altars:
Hepliaklqana
Qazlal

Annotations:
D:4 3 runed doors, utbildad's ghost, amateur HOFi


Innate Abilities, Weirdness & Mutations

You are resistant to hostile enchantments. (MR+)
You are somewhat resistant to further mutation.
You occasionally shout uncontrollably at your foes.


Message History

The water moccasin is almost dead.
* * * LOW HITPOINT WARNING * * *
You feel very sick.
The water moccasin bites you but does no damage.
The water moccasin bites you.
* * * LOW HITPOINT WARNING * * *
You hit the water moccasin.
The water moccasin is almost dead.
* * * LOW HITPOINT WARNING * * *
You feel very sick.
The water moccasin bites you but does no damage. x2
Unknown command.
You miss the water moccasin.
The water moccasin is almost dead.
* * * LOW HITPOINT WARNING * * *
You feel sick. The water moccasin bites you.
* * * LOW HITPOINT WARNING * * *
The water moccasin bites you but does no damage.
You fade into invisibility!
You die...

... #........# #.###†###.#####
#.#### #.##.##.## ##........#####
.....###.##.##..###.#.....#.##...
#.##.>.......#.#.#.#........##.##
#.##..##.#.#.#.##.#..........#.##
†............÷...###.............
#<.#..##.......#.####.....#######
...........#.##S#........##
......##.###.###♣.......##
##.##.##.# ..# ##.###..##
#.......##.## #.#....# ####.###
#. #.#.##.# .# .. #.#.##.# ..
#......# ###.#### #.# #.#


You could see a water moccasin.

Vanquished Creatures
  A necrophage (D:6)
  An ogre (D:5)
  A bullfrog (D:6)
  A water moccasin zombie (D:5)
  2 howler monkeys
  Crazy Yiuf (D:2)
  Natasha (thrice) (D:3)
  3 orc wizards
  A hound skeleton (D:6)
  7 gnolls
  6 adders
  2 adder skeletons (D:6)
  2 worms (D:2)
  3 dart slugs
  5 leopard geckos
  14 orcs
  6 ball pythons
  5 giant cockroaches
  3 goblins
  7 hobgoblins
  6 jackals
  9 kobolds
  4 quokkas
  8 bats
  4 frilled lizards
  A jackal skeleton (D:5)
  3 rats
109 creatures vanquished.

Notes
Turn   | Place    | Note
-------+----------+-------------------------------------------
     0 | D:1      | Ihlosi the Human Gladiator began the quest for the Orb.
     0 | D:1      | Reached XP level 1. HP: 16/16 MP: 1/1
   123 | D:1      | Reached skill level 1 in Armour
   123 | D:1      | Reached XP level 2. HP: 23/23 MP: 2/2
   550 | D:1      | Reached XP level 3. HP: 28/28 MP: 3/3
   626 | D:1      | Reached skill level 3 in Fighting
   887 | D:2      | Reached XP level 4. HP: 13/35 MP: 4/4
  1771 | D:2      | Reached skill level 4 in Fighting
  1771 | D:2      | Reached XP level 5. HP: 14/42 MP: 5/5
  1829 | D:2      | Found a runed door.
  2048 | D:2      | Noticed Crazy Yiuf
  2060 | D:2      | Killed Crazy Yiuf
  2525 | D:3      | Noticed Natasha
  2531 | D:3      | Killed Natasha
  2727 | D:3      | Noticed Natasha
  2729 | D:3      | Reached XP level 6. HP: 49/49 MP: 6/6
  2740 | D:3      | Killed Natasha
  2740 | D:3      | Reached skill level 1 in Stealth
  2924 | D:3      | Noticed Natasha
  2938 | D:3      | Killed Natasha
  3560 | D:4      | Reached skill level 5 in Fighting
  3624 | D:4      | Found a runed gate.
  3624 | D:4      | Found a runed gate.
  3624 | D:4      | Found a runed gate.
  3624 | D:4      | Noticed utbildad's ghost (amateur HOFi)
  3920 | D:5      | Entered Level 5 of the Dungeon
  4044 | D:4      | Reached XP level 7. HP: 28/56 MP: 7/7
  4482 | D:5      | Found a hazy altar of Hepliaklqana.
  5133 | D:5      | Reached skill level 6 in Fighting
  5321 | D:5      | Found a stormy altar of Qazlal.
  5538 | D:6      | Reached XP level 8. HP: 60/63 MP: 8/8
  5702 | D:6      | Gained mutation: You occasionally shout uncontrollably at
                  | your foes. [potion of mutation]
  5702 | D:6      | Gained mutation: You are resistant to hostile enchantments.
                  | (MR+) [potion of mutation]
  5702 | D:6      | Gained mutation: You are somewhat resistant to further
                  | mutation. [potion of mutation]
  5713 | D:6      | HP: 2/97 [water moccasin (4)]
  5714 | D:6      | Succumbed to a water moccasin's poison

Skill      XL: |  1  2  3  4  5  6  7  8 |
---------------+-------------------------+-----
Armour         | 1 2 3 |  3.9
Fighting       | 3 4 5 6 |  6.4
Stealth        | 1 |  1.0
Long Blades    | 4 |  4.2
Dodging        | 4 |  4.0
Throwing       | |  2.0

Action                   |  1- 3 |  4- 6 |  7- 9 || total
-------------------------+-------+-------+-------++-------
Melee: Long sword        |    77 |   105 |       ||   182
       Mace              |       |   116 |   126 ||   242
Throw: Throwing net      |       |     5 |       ||     5
  Use: Potion            |       |     8 |     4 ||    12
       Scroll            |       |       |     5 ||     5
 Stab: Sleeping          |       |     3 |       ||     3
       Held in net/web   |       |     2 |       ||     2
  Eat: Chunk             |       |    10 |     6 ||    16
Armor: Leather armour    |    16 |    65 |    27 ||   108
       Ring mail         |       |       |    31 ||    31
       Skin              |       |       |    23 ||    23
Dodge: Dodged            |    67 |   159 |    68 ||   294
       Rpst.: Long sword |    23 |    19 |       ||    42
